 Dungeon Crawl Stone Soup version 0.20.0-10-g0535bb4 (webtiles) character file.

438 straycat the Sneak (level 6, -2/47 HPs)
             Began as a Vampire Fighter on June 4, 2017.
             Killed from afar by a steam dragon (26 damage)
             ... with a ball of steam
             ... on level 6 of the Dungeon.
             The game lasted 00:14:50 (3293 turns).

straycat the Sneak (Vampire Fighter)                Turns: 3293, Time: 00:14:51

Health: -2/47      AC: 10    Str: 22    XL:     6   Next: 69%
Magic:  6/6        EV: 12    Int: 10    God:
Gold:   159        SH:  0    Dex: 14    Spells: 5/5 levels left

rFire    . . .     SeeInvis +   a - +0 rapier
rCold    + . .     Gourm    .   (no shield)
rNeg     + + +     Faith    .   w - +0 ring mail
rPois    +         Spirit   .   A - +0 helmet (curse)
rElec    .         Reflect  .   y - +0 cloak
rCorr    .         Harm     +   m - +0 pair of gloves
MR       .....                  D - +0 pair of boots
Stlth    +++.......             C - amulet of harm
Regen    0.1/turn               t - ring of positive energy
MPRegen  0.1/turn               (no ring)

@: mighty, marked, regenerating slowly
A: fangs 3, see invisible, unbreathing
a: Bat Form


You were on level 6 of the Dungeon.
You were thirsty.

You visited 1 branch of the dungeon, and saw 5 of its levels.

You collected 159 gold pieces.

Inventory:

Hand Weapons
 a - a +0 rapier (weapon)
 z - a +0 falchion
 E - a +1 dagger of draining
Missiles
 g - 39 arrows
 l - 147 stones (quivered)
 x - a throwing net
Armour
 b - a +0 scale mail
 c - a +0 shield
 m - a +0 pair of gloves (worn)
 r - a +0 large shield
 w - a +0 ring mail (worn)
 y - a +0 cloak (worn)
 A - a cursed +0 helmet (worn)
 D - a +0 pair of boots (worn)
Jewellery
 t - a ring of positive energy (left hand)
 B - an uncursed ring of fire
 C - an amulet of harm (around neck)
Wands
 p - a wand of flame (23/48)
Scrolls
 f - 4 scrolls of remove curse {unknown}
 j - 2 scrolls of amnesia {unknown}
 k - 3 scrolls of identify {unknown}
 n - a scroll of fear {unknown}
 u - a scroll of recharging {unknown}
 v - a scroll of fog {unknown}
 F - a scroll of magic mapping {unknown}
Potions
 e - 19 potions of blood
 h - a potion of cancellation {unknown}
 o - 2 potions of heal wounds
 s - a potion of curing {unknown}


   Skills:
 + Level 3.6 Fighting
 + Level 3.1 Short Blades
 + Level 3.2 Armour
 * Level 3.5 Dodging
 * Level 5.2 Stealth
 + Level 3.4 Shields


You had 5 spell levels left.
You didn't know any spells.

Dungeon Overview and Level Annotations

Branches:
Dungeon (4/15)
 Temple: D:4-7

Altars:
Elyvilon
Trog

Shops:
D:4 *


Innate Abilities, Weirdness & Mutations

You heal slowly.
You have razor-sharp teeth.
You have supernaturally acute eyesight. (SInv)
You can survive without breathing.


Message History

The ice beast closely misses you. The steam dragon breathes steam at you.
The ball of steam hits you!
* * * LOW HITPOINT WARNING * * *
The hound pauses to sniff the ground.
The phantom blinks!
It was a potion of heal wounds.
You feel much better.
The ice beast is engulfed in a cloud of scalding steam.
The ice beast hits you but does no damage.
You barely miss the ice beast.
The ice beast is moderately wounded.
The ice beast hits you. The ice beast freezes you. You resist.
The steam dragon barely misses you. The steam dragon claws you.
The phantom blinks!
The hound barely misses you.
An orc comes into view. It is wielding a falchion.
The hound closely misses you. The steam dragon breathes steam at you.
The ball of steam hits you!
Ouch! That really hurt!
You die...

.. ..#..# ..
#.#.. #.#
#.#.# ##..
#.#.##
.#...##....###
..o..........#
.............#
.....W.......#
.|.....oh@...#
........DY§..#
........†.$..#
.......#######
..>....
.....## ....#
...# ...


You could see a phantom, a steam dragon, an ice beast, a hound and 2 orcs.

Vanquished Creatures
  A sky beast (D:4)
  A bullfrog zombie (D:6)
  2 hounds (D:4)
  2 orc wizards (D:4)
  A worker ant (D:4)
  A gnoll (D:1)
  5 adders
  An adder skeleton (D:4)
  3 worms (D:3)
  3 dart slugs
  3 leopard geckos
  8 orcs
  11 bats
  9 giant cockroaches
  8 goblins
  4 hobgoblins
  8 jackals
  6 kobolds
  5 quokkas
  3 ball pythons
  A jackal zombie (D:6)
  A quokka zombie (D:6)
  12 rats
99 creatures vanquished.

Vanquished Creatures (others)
  An orc wizard (D:6)
1 creature vanquished.

Grand Total: 100 creatures vanquished

Notes
Turn   | Place    | Note
-------+----------+-------------------------------------------
     0 | D:1      | straycat the Vampire Fighter began the quest for the Orb.
     0 | D:1      | Reached XP level 1. HP: 17/17 MP: 1/1
    36 | D:1      | Reached skill level 1 in Stealth
    36 | D:1      | Reached XP level 2. HP: 10/23 MP: 2/2
   363 | D:1      | Reached skill level 1 in Dodging
   759 | D:1      | Reached XP level 3. HP: 28/28 MP: 3/3
  1179 | D:2      | Reached skill level 2 in Stealth
  1519 | D:2      | Found a bloodstained altar of Trog.
  1521 | D:2      | Found a white marble altar of Elyvilon.
  1600 | D:2      | Reached XP level 4. HP: 22/35 MP: 4/4
  1817 | D:3      | Reached skill level 3 in Stealth
  2667 | D:3      | Reached XP level 5. HP: 20/41 MP: 5/5
  2685 | D:3      | Reached skill level 4 in Stealth
  2978 | D:4      | Noticed a sky beast
  2984 | D:4      | Killed a sky beast
  3117 | D:4      | Reached XP level 6. HP: 43/47 MP: 6/6
  3150 | D:4      | Found Otughoz's Assorted Antiques.
  3231 | D:4      | Reached skill level 5 in Stealth
  3261 | D:4      | You fall through a shaft for 2 floors!
  3275 | D:6      | Noticed an ice beast
  3283 | D:6      | Noticed a steam dragon
  3293 | D:6      | Killed from afar by a steam dragon

Skill      XL: |  1  2  3  4  5  6 |
---------------+-------------------+-----
Stealth        | 1 2 3 4 5 |  5.2
Dodging        | 1 2 3 |  3.5
Shields        | 3 |  3.4
Fighting       | 3 |  3.6
Short Blades   | 3 |  3.1
Armour         | 3 |  3.2

Action                   |  1- 3 |  4- 6 || total
-------------------------+-------+-------++-------
Melee: Rapier            |   104 |   215 ||   319
       Bite              |    16 |    13 ||    29
  Use: Potion            |       |     2 ||     2
 Stab: Sleeping          |     5 |     9 ||    14
  Eat: Corpse            |       |     4 ||     4
Armor: Scale mail        |     9 |       ||     9
       Leather armour    |    41 |    11 ||    52
       Ring mail         |       |    93 ||    93
Dodge: Dodged            |    85 |   162 ||   247
